 Dungeon Crawl Stone Soup version 0.20.1-1-g8b1a95d (webtiles) character file.

88 mitko27 the Grave Robber (level 4, -1/36 HPs)
             Began as a Ghoul Necromancer on Nov 9, 2017.
             Slain by an orc
             ... wielding a +0 flail
              (6 damage)
             ... on level 3 of the Dungeon.
             The game lasted 00:35:22 (3108 turns).

mitko27 the Grave Robber (Ghoul Necromancer)        Turns: 3108, Time: 00:35:22

Health: -1/36      AC:  2    Str: 11    XL:     4   Next: 54%
Magic:  5/6        EV: 12    Int: 11    God:
Gold:   133        SH:  0    Dex:  9    Spells: 5/7 levels left

rFire    . . .     SeeInvis .   n - +0 dagger (speed)
rCold    + . .     Gourm    .   (no shield)
rNeg     + + +     Faith    .   p - +0 robe
rPois    ∞         Spirit   .   (no helmet)
rElec    .         Reflect  .   (no cloak)
rCorr    .         Harm     .   (no gloves)
MR       .....                  (no boots)
Stlth    ++........             (no amulet)
Regen    0.0/turn               (no ring)
MPRegen  0.1/turn               (no ring)

@: rotting
A: rotting body, claws 1, carnivore 3, cold resistance 1, negative energy
resistance 3, inhibited regeneration, torment resistance, unbreathing
a: no special abilities


You were on level 3 of the Dungeon.
You were not hungry.

You visited 1 branch of the dungeon, and saw 4 of its levels.

You collected 133 gold pieces.

Inventory:

Hand Weapons
 n - a +0 dagger of speed (weapon)
 r - a +0 hunting sling
 w - a +0 morningstar
Missiles
 k - 16 stones (quivered)
 m - 13 poisoned needles
 o - 16 bolts
 x - 37 arrows
 A - 8 tomahawks
Armour
 p - a +0 robe (worn)
Scrolls
 c - a scroll of enchant armour {unknown}
 e - a scroll of fear {unknown}
 g - a scroll of identify
 j - 3 scrolls of amnesia
 l - a scroll of blinking {unknown}
 u - a scroll of teleportation {unknown}
 y - a scroll of enchant weapon {unknown}
Potions
 a - a potion of cancellation
 d - a potion of lignification {unknown}
 h - a potion of curing {unknown}
 i - a potion of flight {unknown}
 s - a potion of might {unknown}
 t - a potion of haste {unknown}
 v - a potion of agility {unknown}
 z - a potion of heal wounds {unknown}
Books
 b - a book of Necromancy

   Spells                             Type                      Level
   a - Pain                           Necromancy                   1
   b - Animate Skeleton               Necromancy                   1
   c - Vampiric Draining              Necromancy                   3
   d - Regeneration                   Charms/Necromancy            3
   e - Animate Dead                   Necromancy                   4
   f - Control Undead                 Necromancy                   4
Comestibles
 q - 2 fruits
 B - 2 bread rations
 C - 4 chunks of flesh


   Skills:
 * Level 1.6 Fighting
 * Level 0.8 Short Blades
 + Level 1.5 Slings
 + Level 2.0 Dodging
 * Level 2.2 Stealth
 + Level 2.1 Spellcasting
 + Level 4.5 Necromancy


You had 5 spell levels left.
You knew the following spells:

 Your Spells              Type           Power        Failure   Level  Hunger
a - Pain                  Necr           ##..         4%          1    ##.....
b - Animate Skeleton      Necr           N/A          4%          1    ##.....


Dungeon Overview and Level Annotations

Branches:
Dungeon (4/15)
 Temple: D:4-7

Altars:
Gozag
Makhleb
Nemelex Xobeh
Trog
Xom
The Shining One


Innate Abilities, Weirdness & Mutations

Your body is rotting away.
You thrive on raw meat.
You are immune to poison.
You have sharp fingernails.
You are carnivorous and can eat meat at any time.
Your flesh is cold resistant. (rC+)
You are immune to negative energy. (rN+++)
You do not regenerate when monsters are visible.
You are immune to unholy pain and torment.
You can survive without breathing.


Message History

The bat barely misses you.
Found a scroll labeled ORA YMEJELO.
The bat misses you. The orc hits you with a flail.
* * * LOW HITPOINT WARNING * * *
As you read the scroll labeled XOQ XIW IXENO, it crumbles to dust.
It is a scroll of amnesia.
Forget which spell ([?*] list [ESC] exit)?
Forget which spell ([?*] list [ESC] exit)?
You don't know that spell.
Forget which spell ([?*] list [ESC] exit)?
Okay, then.
The bat closely misses you. The bat hits you.
* * * LOW HITPOINT WARNING * * *
Okay, then.
As you read the scroll labeled WUYMEKHL EPIOH, it crumbles to dust.
It is a scroll of identify.
a - a potion of cancellation The orc hits you but does no damage.
The bat barely misses you. The orc hits you with a flail.
You die...

.###...##.......>...
##.##...#..............#
#...##.)#..............#
..#..##.)..............#
.#.#..##.(.......>....?#
#._.#..###.............#
.#.#..##..............#
..#..##........o......#
#...##..##...o.o@.....#
##.##........(.b......#
.###..................#
..#..#....########.#+##
#.#.##....# .# ...
#....+ .# .###... # .#


You could see 3 orcs and a bat.

Vanquished Creatures
  3 adders (D:2)
  An ooze (D:1)
  A leopard gecko (D:2)
  2 orcs
  A ball python (D:2)
  3 giant cockroaches
  2 goblins (D:1)
  3 hobgoblins (D:2)
  5 kobolds
  2 quokkas (D:2)
  7 bats
  3 frilled lizards
  8 rats
41 creatures vanquished.

Vanquished Creatures (collateral kills)
  A dart slug (D:1)
  A giant cockroach (D:2)
  A goblin (D:3)
  2 hobgoblins
  2 kobolds
  A ball python (D:1)
  4 bats
  A frilled lizard (D:2)
  A rat (D:1)
14 creatures vanquished.

Grand Total: 55 creatures vanquished

Notes
Turn   | Place    | Note
-------+----------+-------------------------------------------
     0 | D:1      | mitko27 the Ghoul Necromancer began the quest for the Orb.
     0 | D:1      | Reached XP level 1. HP: 14/14 MP: 2/2
     3 | D:1      | Learned a level 1 spell: Animate Skeleton
   239 | D:1      | Reached XP level 2. HP: 12/20 MP: 1/3
   930 | D:1      | Reached XP level 3. HP: 23/27 MP: 3/5
  1234 | D:2      | Found a shimmering altar of Xom.
  1234 | D:2      | Found a shimmering altar of Xom.
  1235 | D:2      | Found a shimmering altar of Xom.
  1236 | D:2      | Found a shimmering altar of Xom.
  1345 | D:2      | Reached skill level 1 in Fighting
  1345 | D:2      | Reached skill level 1 in Slings
  1375 | D:2      | Reached XP level 4. HP: 25/35 MP: 2/6
  1410 | D:2      | Found an opulent altar of Gozag.
  1411 | D:2      | Found a sparkling altar of Nemelex Xobeh.
  1498 | D:2      | Found a burning altar of Makhleb.
  1883 | D:2      | HP: 1/35 [quokka (5)]
  2351 | D:2      | Found a bloodstained altar of Trog.
  3022 | D:3      | Found a glowing golden altar of the Shining One.
  3108 | D:3      | Slain by an orc

Skill      XL: |  1  2  3  4 |
---------------+-------------+-----
Spellcasting   | 2 |  2.1
Fighting       | 1 |  1.6
Slings         | 1 |  1.5
Dodging        | 2 |  2.0
Short Blades   | |  0.8
Stealth        | |  2.2
Necromancy     | |  4.5

Action                   |  1- 3 |  4- 6 || total
-------------------------+-------+-------++-------
Melee: Unarmed           |     9 |       ||     9
       Dagger            |    13 |    22 ||    35
 Fire: Hunting sling     |    52 |    57 ||   109
Throw: Stone             |       |     2 ||     2
 Cast: Pain              |    18 |     3 ||    21
       Animate Skeleton  |    11 |    10 ||    21
  Use: Scroll            |       |     2 ||     2
  Eat: Chunk             |     4 |     5 ||     9
       Royal jelly       |       |     2 ||     2
       Meat ration       |       |     1 ||     1
Armor: Robe              |    21 |    16 ||    37
Dodge: Dodged            |    68 |    48 ||   116
